 Dungeon Crawl Stone Soup version 0.31-a0-844-gdc52ec4e09 (webtiles) character file.

Game seed: 10679557096147925107

116 gelatine the Chopper (level 4, -15/34 HPs)
             Began as a Demonspawn Gladiator on Sept 30, 2023.
             Blown up by Ijyb (17 damage)
             ... with a mindburst bolt
             ... on level 3 of the Dungeon.
             The game lasted 00:04:17 (1800 turns).

gelatine the Chopper (Demonspawn Gladiator)         Turns: 1800, Time: 00:04:17

Health: -15/34     AC:  6    Str: 17    XL:     4   Next: 70%
Magic:  4/4        EV: 12    Int:  9    God:
Gold:   226        SH:  0    Dex: 14    Spells: 3/3 levels left

rFire   + . .        a - +0 war axe
rCold   + . .        (no shield)
rNeg    . . .        b - +0 leather armour
rPois   +            (helmet restricted)
rElec   +            (no cloak)
rCorr   +            c - +2 pair of gloves
SInv    .            (no boots)
Will    .....        (no amulet)
Stlth   +            (no ring)
HPRegen 0.25/turn    (no ring)
MPRegen 0.09/turn

%: no passive effects
@: about to teleport, resistant
A: antennae 1, spiny 1
a: no special abilities


You were on level 3 of the Dungeon.
You visited 1 branch of the dungeon, and saw 3 of its levels.

You collected 226 gold pieces.

Inventory:

Hand Weapons
 a - a +0 war axe (weapon)
Missiles
 e - a javelin
 j - 2 atropa-tipped darts (quivered)
Armour
 b - a +0 leather armour (worn)
 c - a +2 pair of gloves (worn)
Talismans
 p - a flux talisman
Scrolls
 f - a scroll of immolation {unknown}
 g - 2 scrolls of teleportation
 i - a scroll of revelation {unknown}
 k - a scroll of identify {unknown}
 m - a scroll of brand weapon {unknown}
Potions
 o - a potion of curing {unknown}


   Skills:
 * Level 2.6 Fighting
 + Level 3.4 Axes
 + Level 1.9 Throwing
 * Level 1.3 Armour
 * Level 3.3 Dodging
 + Level 0.2 Stealth
 * Level 1.0 Unarmed Combat
 * Level 0.3 Shapeshifting


You had 3 spell levels left.
You didn't know any spells.
Your spell library was empty.

Dungeon Overview and Level Annotations

Branches:
Dungeon (3/15)

Altars:
Yredelemnul

Annotations:
D:3 Grinder, Ijyb


Innate Abilities, Weirdness & Mutations

You have a pair of small antennae on your head.
You are partially covered in sharp spines.


Message History

Ijyb zaps a wand.
Your mind is blasted!
You closely miss Ijyb.
Ijyb is lightly wounded.
Ijyb hits you with a +0 dagger.
You barely miss Ijyb.
Ijyb is lightly wounded.
Ijyb misses you. Ijyb hits you with a +0 dagger.
You hit Ijyb but do no damage.
Ijyb is lightly wounded.
Ijyb hits you but does no damage.
You slash Ijyb!
Ijyb is heavily wounded.
Ijyb hits you with a +0 dagger. Ijyb hits you but does no damage.
You closely miss Ijyb.
Ijyb is heavily wounded.
Ijyb is struck by your spines. Ijyb hits you but does no damage.
You hit Ijyb.
Ijyb is severely wounded.
Ijyb hits you with a +0 dagger.
You barely miss Ijyb.
Ijyb is severely wounded.
Ijyb zaps a wand.
Your mind is blasted!
Grinder blinks!
You hit Ijyb but do no damage.
Ijyb is severely wounded.
Ijyb zaps a wand.
Your mind is blasted!
Ijyb screams, "I cut your head off!" Ijyb hits you with a +0 dagger.
You closely miss Ijyb.
Ijyb is severely wounded.
Ijyb zaps a wand.
Your mind is blasted!
* * * LOW HITPOINT WARNING * * *
It was a potion of resistance.
You feel protected. Ijyb is struck by your spines. Ijyb misses you.
As you read the scroll labelled OLYBOTI FYOD, it crumbles to dust.
You feel strangely unstable.
It was a scroll of teleportation.
Ijyb closely misses you.
Ijyb zaps a wand.
Your mind is blasted!
Ouch! That really hurt!
You die...

##### #... ######..#
#.......#
##########.####..# ###
#..(.......@.g(5(##.(..
#.########.###..†......
######.# #.###...##..#
.†)....# #.........[...
######## #..##...##..##
# #.......# .# #
##........: . # ###
###............ # #..
........#####.#


You could see Grinder and Ijyb.

Vanquished Creatures
  An orc priest (D:3)
  3 adders
  A dart slug (D:2)
  2 orcs (D:3)
  9 ball pythons
  6 endoplasms
  3 giant cockroaches
  4 goblins
  6 hobgoblins
  3 quokkas (D:1)
  3 bats
  5 frilled lizards
  4 kobolds
  7 rats
57 creatures vanquished.

Vanquished Creatures (others)
  A goblin (D:3)
1 creature vanquished.

Grand Total: 58 creatures vanquished

Notes
Turn   | Place    | Note
-------+----------+-------------------------------------------
     0 | D:1      | gelatine the Demonspawn Gladiator began the quest for the
                  | Orb.
     0 | D:1      | Reached XP level 1. HP: 16/16 MP: 1/1
   129 | D:1      | Discovered your monstrous ancestry.
   129 | D:1      | Gained mutation: You have a pair of small antennae on your
                  | head. [demonic ancestry]
   129 | D:1      | Reached XP level 2. HP: 9/22 MP: 2/2
   719 | D:2      | Found a basalt altar of Yredelemnul.
   740 | D:2      | Gained mutation: You are partially covered in sharp spines.
                  | [demonic ancestry]
   740 | D:2      | Reached XP level 3. HP: 28/28 MP: 3/3
   781 | D:2      | Reached skill level 1 in Armour
  1462 | D:3      | Reached XP level 4. HP: 32/34 MP: 4/4
  1745 | D:3      | Reached skill level 1 in Unarmed Combat
  1768 | D:3      | Noticed Grinder
  1774 | D:3      | Noticed Ijyb
  1783 | D:3      | HP: 1/34 [disintegration (17)]
  1800 | D:3      | Blown up by Ijyb

Illustrated notes

Levels and vault maps discovered:
D:1:      dpeg_arrival_three_same_balls, layout_basic
D:2:      layout_loops_cross, basic_altar, kennysheep_generic_room_2
D:3:      layout_loops_ring, uniq_grinder, uniq_ijyb

Skill      XL: |  1  2  3  4 |
---------------+-------------+-----
Dodging        | 3 |  3.3
Axes           | 3 |  3.4
Armour         | 1 |  1.3
Unarmed Combat | 1 |  1.0
Fighting       | |  2.6
Throwing       | |  1.9
Stealth        | |  0.2
Shapeshifting  | |  0.3

Action                     |  1- 3 |  4- 6 || total
---------------------------+-------+-------++-------
  Melee: War axe           |    94 |    27 ||   121
         Punch             |     1 |       ||     1
  Throw: Throwing net      |       |     3 ||     3
         Dart              |       |     1 ||     1
    Use: Potion            |       |     2 ||     2
         Scroll            |       |     1 ||     1
   Stab: Sleeping          |     1 |       ||     1
 Armour: Leather armour    |    54 |    14 ||    68
  Dodge: Dodged            |    75 |    15 ||    90

Table legend: (Time is in decaauts)
 A = Elapsed time spent in this place.
 B = Non-inter-level travel time spent in this place.
 C = Inter-level travel time spent in this place.
 D = Time resting spent in this place.
 E = Time spent auto-exploring this place.
 F = Levels seen in this place.
 G = Mean time per level.
                   A        B        C        D        E       F      G
               +--------+--------+--------+--------+--------+-----+--------+
         Total |   1841 |   1793 |     48 |      0 |   1353 |   3 |  613.7 |
       Dungeon |   1841 |   1793 |     48 |      0 |   1353 |   3 |  613.7 |
               +--------+--------+--------+--------+--------+-----+--------+

Top non-repeatable levels by time:
     D:1: 722 daAuts
     D:2: 665 daAuts
     D:3: 453 daAuts
